 Dungeon Crawl Stone Soup version 0.32-a0-918-g0f22ef8d61 (webtiles) character file.

Game seed: 11536757891256382890

125570 Pooter the Ripper (level 16, -1/158 HPs)
             Began as a Felid Berserker on Apr 9, 2024.
             Was an Elder of Trog.
             Slain by an entropy weaver (15 damage)
             ... on level 4 of the Spider Nest on Apr 11, 2024.
             The game lasted 03:33:09 (38773 turns).

Pooter the Ripper (Felid Berserker)                Turns: 38773, Time: 03:33:09

Health: -1/158     AC: -4    Str: 18    XL:     16   Next: 41%
Magic:  17/17      EV: 27    Int: 12    God:    Trog [****..]
Gold:   2496       SH:  0    Dex: 25    Spells: 15/15 levels left
                                        Lives:  0   Deaths: 3

rFire   . .          .
                       - Unarmed
rCold   . . .        (shield unavailable)
rNeg    + . .        (body armour unavailable)
rPois   +            (helmet unavailable)
rElec   .            (cloak unavailable)
rCorr   .            (gloves unavailable)
SInv    +            (boots unavailable)
Will    ++++.        B - amulet of regeneration Stlth
                     e - +5 ring of evasion
HPRegen 2.26/turn    c - ring "Afaryrrefis" {rN+ Dex+2 Slay+4}
MPRegen 0.15/turn

%: no passive effects
@: berserking, lethally poisoned (-1 -> -5), snake-form, strong-willed,
corroded, regenerating, very quick
A: constrict, boosted hp, large, (claws 1), (fangs 3), see invisible, (shaggy
fur 3), (stealthy paws), no weapons or thrown items, no armour, multi-lived,
sense surroundings 1
a: Begin Untransformation, Renounce Religion, Berserk, Trog's Hand, Brothers in
Arms


You were on level 4 of the Spider Nest.
You worshipped Trog.
Trog was greatly pleased with you.
You were an enormous serpent.
You visited 4 branches of the dungeon, and saw 26 of its levels.
You visited the Abyss 1 time.

You collected 2574 gold pieces.
You spent 78 gold pieces at shops.

Inventory:

Jewellery
 c - the ring "Afaryrrefis" (right hand) {rN+ Dex+2 Slay+4}
   (You acquired it on level 8 of the Dungeon)

   [ring of slaying]

   Dex+2:     It affects your dexterity (+2).
   Slay+4:    It affects your accuracy & damage with ranged weapons and melee
   (+4).
   rN+:       It protects you from negative energy.
 e - a +5 ring of evasion (left hand)
   (You found it on level 6 of the Dungeon)
 j - a +5 ring of evasion
   (You found it on level 2 of the Dungeon)
 v - a ring of willpower
   (You found it on level 5 of the Dungeon)
 z - an amulet of reflection
   (You found it on level 8 of the Dungeon)
 B - an amulet of regeneration (around neck)
   (You found it on level 8 of the Dungeon)
 C - a ring of flight
   (You found it on level 12 of the Dungeon)
 F - a ring of protection from fire
   (You found it on level 1 of the Dungeon)
 I - a ring of protection from cold
   (You found it on level 4 of the Lair of Beasts)
Talismans
 o - a serpent talisman (active)
   (You found it on level 10 of the Dungeon)
 u - a blade talisman
   (You found it on level 4 of the Dungeon)
 E - a storm talisman
   (You found it on level 2 of the Lair of Beasts)
Wands
 f - a wand of flame (44)
   (You found it on level 3 of the Lair of Beasts)
 g - a wand of polymorph (5)
   (You found it on level 11 of the Dungeon)
 D - a wand of digging (8)
   (You found it on level 3 of the Dungeon)
 G - a wand of charming (1)
   (You found it on level 2 of the Lair of Beasts)
 L - a wand of quicksilver (8)
   (You found it on level 3 of the Spider Nest)
Scrolls
 h - 3 scrolls of immolation {!r}
 i - 5 scrolls of identify {@r1}
 k - 5 scrolls of noise {!r}
 l - 2 scrolls of silence
 p - 5 scrolls of vulnerability {!r}
 s - 3 scrolls of fear
 t - 10 scrolls of teleportation {@r4}
 w - 5 scrolls of revelation
 y - a scroll of poison
 H - a scroll of summoning
 J - a scroll of blinking
 K - 6 scrolls of fog
Potions
 a - 7 potions of enlightenment
 b - 9 potions of curing {@q1}
 d - 5 potions of might
 m - 4 potions of lignification {!q}
 n - 5 potions of heal wounds {@q2}
 q - 3 potions of ambrosia
 r - 3 potions of haste {@q3}
 x - 5 potions of attraction {!q}
 A - 2 potions of mutation {!q}
 M - a potion of invisibility


   Skills:
 + Level 11.9 Fighting
 + Level 15.3 Dodging
 + Level 15.3 Stealth
 * Level 15.9 Unarmed Combat
 + Level 8.7 Evocations
 * Level 13.2 Shapeshifting


You had 15 spell levels left.
You didn't know any spells.
Your spell library was empty.

Dungeon Overview and Level Annotations

Branches:
Dungeon (15/15) Zot: 23055  Temple (0/1) D:4            Lair (5/5) D:11 Zot: 23075
  Swamp (0/4) Lair:2       Spider (4/4) Lair:3 Zot: 26777   Slime (0/5) Lair:4
    Orc (2/2) D:10 Zot: 7733     Elf (0/3) Orc:2        Vaults (0/5) D:13
 Depths (0/4) D:15

Altars:
Cheibriados
Elyvilon
Fedhas
Gozag
Kikubaaqudgha
Nemelex Xobeh
Okawaru
Trog
Beogh
Jiyva
Lugonu

Shops:
D:13 (   Orc:2 :*[[

Portals:
Abyss: Lair:5

Annotations:
D:10 1 runed translucent door


Innate Abilities, Weirdness & Mutations

You are an enormous serpent.
You have a powerful constriction melee attack.
Your maximum health is increased.
((You have sharp claws.))
((You have razor-sharp teeth.))
You have supernaturally acute eyesight. (SInv)
((Your thick and shaggy fur keeps you warm. (AC +3, rC+)))
((Your paws help you pounce on unaware monsters.))
You are incapable of wielding weapons or throwing items.
You cannot wear armour.
You gain extra lives every three experience levels.
You passively map a small area around you.


Message History

The redback completely misses you. The redback closely misses you.
The entropy weaver casts a spell at you.
The entropic weave corrodes you!
Your skin crawls.
You feel strong-willed. Trog will no longer gift you weapons.
The redback bites you but does no damage.
The redback misses you.
The entropy weaver points at you and mumbles some strange words.
The entropic weave corrodes you! The redback bites you.
You are poisoned.
The redback poisons you!
You lash the entropy weaver! Your grab misses the entropy weaver.
You feel extremely sick. The redback completely misses you.
The redback misses you.
The entropy weaver completely misses you.
The entropy weaver closely misses you. The entropy weaver hits you.
The entropy weaver barely misses you.
You hit the entropy weaver but do no damage.
Your grab misses the entropy weaver.
You feel very sick. The redback misses you. x2
The entropy weaver points at you and mumbles some strange words.
The entropic weave corrodes you!
You body-slam the entropy weaver!!
Your grab misses the entropy weaver.
You feel very sick. The redback misses you. The redback bites you!!
You closely miss the entropy weaver. You grab the entropy weaver.
You constrict the entropy weaver.
You feel very sick. The entropy weaver hits you!
* * * LOW HITPOINT WARNING * * *
The entropy weaver hits you!
* * * LOW HITPOINT WARNING * * *
The entropy weaver misses you. The entropy weaver hits you!
* * * LOW HITPOINT WARNING * * *
The redback misses you. The redback completely misses you.
A red film seems to cover your vision as you go berserk!
You feel yourself moving faster!
You feel mighty!
You constrict the entropy weaver!
You feel very sick. The redback completely misses you. The redback bites you!
* * * LOW HITPOINT WARNING * * *
The entropy weaver closely misses you.
The entropy weaver completely misses you.
The entropy weaver misses you.
The entropy weaver completely misses you.
The redback misses you. The redback completely misses you.
The entropy weaver misses you. The entropy weaver hits you!
You die...

* , ,,####
#.......## ,
#...####.......#*, ,
....#.#^.###^...# *
* .....^...###...# ,
###.#.....# #### ,
#. ,##.........# #
##..##.....^.#..# #
* ##...#^......##^.#
##
#....#..sSs...#..##
#.
##.......B..^.#^..##
##.
#..........####....#
#..
..........###......#
##..
..#^...^###...#.^##
#... * #...^##
#...###### ##..
#......##
##...###^###...
#....###
##..#....#.†..
,#.... * ,
#..#....#....


You could see an entropy weaver and 2 redbacks.

Vanquished Creatures
  2 emperor scorpions
  A ghost moth (Spider:1)
  4 broodmothers
  The ghost of spaghetti the Bludgeoner, a journeyman OnCK of Xom (Lair:1)
  5 entropy weavers
  3 radroaches
  5 hydras
  A death knight (D:15)
  Erica (Lair:1)
  2 ice dragons (D:15)
  4 boulder beetles
  A jorogumo (Spider:2)
  3 centaur warriors
  3 two-headed ogres (D:11)
  6 death yaks
  2 thrashing horrors (Lair:5)
  4 orc high priests (Orc:2)
  The ghost of Biggs the Skirmisher, a novice CoHu of Okawaru (D:9)
  3 demonic crawlers (Spider:3)
  A skyshark (Lair:5)
  6 pharaoh ants
  A mana viper (Lair:3)
  4 orb spiders
  A sun moth (Spider:1)
  An orc knight (Orc:2)
  A steelbarb worm (Spider:1)
  2 necromancers
  A deep elf pyromancer (D:14)
  2 moths of wrath (Spider:1)
  3 manticores
  Maurice (D:8)
  11 wolf spiders
  6 cyclopes
  6 orc sorcerers
  4 large abominations (Lair:5)
  4 meliai
  17 ugly things
  7 black mambas
  4 kobold blastminers
  A smoke demon (Lair:5)
  An elephant (Lair:5)
  2 gargoyles
  3 torpor snails
  13 cane toads
  An efreet (D:14)
  An unseen horror (shapeshifter) (Lair:5)
  2 kobold demonologists
  2 rime drakes (Lair:2)
  Jeremiah (D:7)
  3 tengu conjurers
  2 unseen horrors
  Psyche (D:8)
  3 freezing wraiths
  8 komodo dragons
  3 polar bears (Lair:4)
  17 tarantellas
  4 trolls
  4 tyrant leeches (Lair:2)
  15 jumping spiders
  A glass eye (Orc:2)
  5 hornets
  6 raiju
  Prince Ribbit (D:8)
  17 blink frogs
  13 dream sheep
  11 slime creatures
  2 spriggans (Lair:5)
  A shadow (D:10)
  15 culicivoras
  6 wraiths
  A ynoxinul (Abyss:1)
  4 water elementals (D:14)
  4 wyverns
  A hog (shapeshifter) (D:12)
  2 steam dragons
  A golden eye (shapeshifter) (Lair:5)
  25 yaks
  9 basilisks
  A death yak simulacrum (Lair:5)
  A human (shapeshifter) (Lair:5)
  37 redbacks
  7 vampire mosquitoes
  A neqoxec (D:9)
  10 wargs
  A chaos spawn (Lair:5)
  A swamp worm (Lair:2)
  3 acid dragons
  4 hydra simulacra (Lair:5)
  15 water moccasins
  15 orc warriors
  2 sky beasts
  4 black bears
  An ice beast (D:6)
  4 laughing skulls
  A crocodile (shapeshifter) (D:13)
  5 ogres
  16 wolves
  A centaur (shapeshifter) (Lair:5)
  2 centaurs
  2 phantoms (D:5)
  3 gnoll sergeants
  10 bullfrogs
  A scorpion (D:7)
  11 small abominations (Lair:5)
  4 elephant simulacra (Lair:5)
  7 killer bees
  An electric eel (Lair:4)
  A howler monkey (D:8)
  3 quasits (D:9)
  3 hounds
  A bombardier beetle (D:5)
  8 jellies
  23 orc priests
  2 gnoll boudas
  2 iguanas
  A sleepcap (D:8)
  43 orc wizards
  2 hell rats (Lair:5)
  Robin (D:3)
  6 adders
  28 gnolls
  A white imp (D:8)
  2 hell rat simulacra (Lair:5)
  4 ufetubi (D:6)
  2 dart slugs
  3 ribbon worms
  86 orcs
  4 bats
  12 endoplasms
  3 giant cockroaches
  18 goblins
  17 hobgoblins
  3 jackals (D:5)
  3 quokkas
  7 ball pythons
  5 frilled lizards
  20 kobolds
  9 rats
  3 butterflies (D:1)
844 creatures vanquished.

Vanquished Creatures (collateral kills)
  A vampire (D:10)
  5 killer bees (D:10)
6 creatures vanquished.

Vanquished Creatures (others)
  An efreet (D:15)
1 creature vanquished.

Grand Total: 851 creatures vanquished

Notes
Turn   | Place    | Note
-------+----------+-------------------------------------------
     0 | D:1      | Pooter the Felid Berserker began the quest for the Orb.
     0 | D:1      | Reached XP level 1. HP: 12/12 MP: 2/2
   240 | D:1      | Reached XP level 2. HP: 16/16 MP: 3/3
   301 | D:1      | Reached skill level 1 in Stealth
   774 | D:1      | Reached ** piety under Trog
   775 | D:1      | Reached XP level 3. HP: 15/20 MP: 4/4
   922 | D:2      | Reached skill level 1 in Shapeshifting
  1149 | D:2      | Reached XP level 4. HP: 24/24 MP: 5/5
  1149 | D:2      | Gained a life (2 lives remaining)
  1581 | D:2      | Found a faded altar of an unknown god.
  1834 | D:3      | Noticed Robin
  1839 | D:3      | Killed Robin
  1933 | D:3      | Reached *** piety under Trog
  2409 | D:3      | Reached XP level 5. HP: 20/28 MP: 6/6
  2794 | D:3      | Reached skill level 5 in Dodging
  3027 | D:3      | Found a white marble altar of Elyvilon.
  3070 | D:4      | Gained mutation: You are covered in thick fur. (AC +2)
                  | [Felid growth]
  3070 | D:4      | Reached XP level 6. HP: 33/33 MP: 7/7
  3641 | D:4      | Found a staircase to the Ecumenical Temple.
  3899 | D:4      | Identified the +9 short sword of Valour {freeze, rN+ Will+}
  4107 | D:4      | Identified the +6 chain mail of the Game of Kings {rF+
                  | Regen+ rCorr}
  4321 | D:5      | Entered Level 5 of the Dungeon
  4401 | D:5      | Reached skill level 5 in Unarmed Combat
  4401 | D:5      | Reached XP level 7. HP: 37/37 MP: 8/8
  5199 | D:6      | Reached XP level 8. HP: 42/42 MP: 9/9
  5451 | D:6      | Reached skill level 5 in Stealth
  5612 | D:6      | Reached skill level 5 in Fighting
  6130 | D:6      | Found a blossoming altar of Fedhas.
  6279 | D:6      | You fall into a shaft and drop 2 floors!
  6328 | D:8      | Noticed Prince Ribbit
  6346 | D:8      | Killed Prince Ribbit
  6640 | D:6      | Reached XP level 9. HP: 45/47 MP: 10/10
  6824 | D:6      | Reached skill level 5 in Shapeshifting
  7352 | D:7      | Noticed Jeremiah
  8159 | D:7      | Killed from afar by Jeremiah
  8159 | D:7      | Lost a life (1 life remaining)
  8387 | D:7      | Killed Jeremiah
  8595 | D:8      | Identified a scroll of acquirement
  8595 | D:8      | Acquired the ring "Afaryrrefis" {rN+ Dex+2 Slay+4}
  8795 | D:8      | Noticed Psyche
  8814 | D:8      | Killed Psyche
  8926 | D:8      | Noticed Maurice
  8934 | D:8      | Killed Maurice
  9175 | D:8      | Reached XP level 10. HP: 41/53 MP: 11/11
  9175 | D:8      | Gained a life (2 lives remaining)
  9637 | D:9      | Found a transporter.
  9642 | D:9      | Noticed Biggs's ghost (novice CoHu)
  9680 | D:9      | Found a transporter.
 10353 | D:9      | Found a sparkling altar of Nemelex Xobeh.
 10370 | D:10     | Entered Level 10 of the Dungeon
 10370 | D:10     | Found a runed translucent gate.
 10393 | D:10     | Noticed a soul eater
 10393 | D:10     | Noticed a gargoyle
 10648 | D:10     | Found a staircase to the Orcish Mines.
 10947 | D:10     | Found a runed translucent gate.
 10947 | D:10     | Noticed a wolf spider
 10952 | D:10     | Found a runed translucent door.
 10952 | D:10     | Noticed a black mamba
 10952 | D:10     | Noticed a black mamba
 10963 | D:10     | Found an ancient bone altar of Kikubaaqudgha.
 11096 | D:10     | Noticed a wolf spider
 11098 | D:10     | Found a runed translucent gate.
 11774 | D:10     | Found the +9 staff of Olgreb {rPois∞}
 11799 | D:10     | Noticed a wolf spider
 11800 | D:10     | Noticed a wolf spider
 11801 | D:10     | Found a runed translucent door.
 11843 | Orc:1    | Entered Level 1 of the Orcish Mines
 11849 | Orc:2    | Entered Level 2 of the Orcish Mines
 11849 | Orc:2    | Noticed a kobold blastminer
 11849 | Orc:2    | Noticed a kobold blastminer
 11865 | Orc:1    | Noticed an orc sorcerer
 11875 | Orc:1    | Killed an orc sorcerer
 11876 | Orc:1    | Reached XP level 11. HP: 52/58 MP: 12/12
 11890 | Orc:1    | Found a bloodstained altar of Trog.
 12249 | Orc:2    | Noticed an orc knight
 12489 | Orc:2    | Noticed an orc sorcerer
 12535 | Orc:2    | Reached skill level 10 in Dodging
 12535 | Orc:2    | Reached skill level 10 in Unarmed Combat
 12535 | Orc:2    | Paralysed by an orc sorcerer for 2 turns
 12901 | Orc:2    | Killed an orc sorcerer
 12906 | Orc:2    | Killed an orc knight
 13521 | Orc:2    | Noticed an orc high priest
 15201 | Orc:2    | Reached skill level 10 in Stealth
 15306 | Orc:2    | Found a staircase to the Elven Halls.
 15413 | Orc:2    | Killed an orc high priest
 15444 | Orc:2    | Noticed an orc sorcerer
 15448 | Orc:2    | Noticed an orc sorcerer
 15453 | Orc:2    | Killed an orc sorcerer
 15456 | Orc:2    | Killed an orc sorcerer
 15473 | Orc:2    | Noticed an orc sorcerer
 15524 | Orc:2    | Killed an orc sorcerer
 15525 | Orc:2    | Gained mutation: Your thick and shaggy fur keeps you warm.
                  | (AC +3, rC+) [Felid growth]
 15525 | Orc:2    | Reached XP level 12. HP: 53/65 MP: 13/13
 15674 | Orc:2    | Found Bofosepp's Armour Shop.
 15674 | Orc:2    | Found Ipion's Antique Armour Boutique.
 15701 | Orc:2    | Found a roughly hewn altar of Beogh.
 15723 | Orc:2    | Found Zoagusoa's General Store.
 15723 | Orc:2    | Noticed an orc high priest
 15723 | Orc:2    | Noticed an orc high priest
 15724 | Orc:2    | Found Merehein's Book Boutique.
 15724 | Orc:2    | Noticed an orc high priest
 15729 | Orc:2    | Killed an orc high priest
 15732 | Orc:2    | Killed an orc high priest
 15753 | Orc:2    | Killed an orc high priest
 15850 | Orc:2    | Bought 2 potions of curing for 78 gold pieces
 16255 | D:11     | Found a staircase to the Lair.
 16393 | D:11     | Noticed a two-headed ogre
 16402 | D:11     | Killed a two-headed ogre
 16616 | D:11     | Reached skill level 1 in Evocations
 16692 | D:11     | Noticed a two-headed ogre
 16717 | Abyss:1  | Found a corrupted altar of Lugonu.
 16717 | Abyss:1  | Cast into level 1 of the Abyss (gnoll sergeant)
 16839 | Abyss:1  | Found a corrupted altar of Lugonu.
 16843 | D:11     | Escaped the Abyss
 16951 | D:11     | Killed a two-headed ogre
 17061 | Lair:1   | Entered Level 1 of the Lair of Beasts
 17157 | Lair:1   | Found an opulent altar of Gozag.
 17193 | Lair:1   | Noticed spaghetti's ghost (journeyman OnCK)
 17196 | Lair:1   | Found a runed translucent door.
 17483 | D:11     | Noticed a two-headed ogre
 17497 | D:11     | Killed a two-headed ogre
 17609 | Lair:1   | Upgraded the game from 0.32-a0-913-g739538afd8 to
                  | 0.32-a0-918-g0f22ef8d61
 17790 | Lair:1   | Reached **** piety under Trog
 17909 | Lair:1   | Noticed Erica
 17938 | Lair:1   | Killed Erica
 17939 | Lair:1   | Reached XP level 13. HP: 70/70 MP: 14/14
 18361 | Lair:1   | Killed spaghetti's ghost
 18632 | Lair:2   | Reached skill level 10 in Shapeshifting
 19565 | Lair:2   | Found a staircase to the Swamp.
 21158 | Lair:3   | Found a hole to the Spider Nest.
 21675 | Lair:4   | Found a staircase to the Slime Pits.
 21675 | Lair:4   | Found a viscous altar of Jiyva.
 21952 | Lair:4   | Found an iron altar of Okawaru.
 22551 | Lair:5   | Entered Level 5 of the Lair of Beasts
 22564 | Lair:5   | Gained mutation: Your magical capacity is low. (-10% MP)
                  | [potion of mutation]
 22565 | Lair:5   | Lost mutation: Your magical capacity is low. (-10% MP)
                  | [potion of mutation]
 22565 | Lair:5   | Gained mutation: You are frail. (-10% HP) [potion of
                  | mutation]
 22566 | Lair:5   | Lost mutation: You are frail. (-10% HP) [potion of
                  | mutation]
 22566 | Lair:5   | Gained mutation: Your health recovers twice as slowly from
                  | being drained. [potion of mutation]
 22567 | Lair:5   | Lost mutation: Your health recovers twice as slowly from
                  | being drained. [potion of mutation]
 22567 | Lair:5   | Gained mutation: You passively map a small area around you.
                  | [potion of mutation]
 22692 | Lair:5   | Reached skill level 5 in Evocations
 22744 | Lair:5   | Reached skill level 10 in Fighting
 22786 | Lair:5   | Reached XP level 14. HP: 77/77 MP: 15/15
 23641 | Lair:5   | HP: 4/92 [burnt (18)]
 23741 | Lair:5   | Found a corrupted altar of Lugonu.
 23745 | Lair:5   | Found a one-way gate to the infinite horrors of the Abyss.
 23824 | Lair:5   | Identified the +1 short sword of War {drain, rCorr Int+2
                  | Dex+3}
 24838 | D:13     | Found Dear Kop's Antique Weapon Boutique.
 25143 | D:13     | Identified the +2 leather armour of the Cobbler {Regen+
                  | rCorr}
 25297 | D:13     | Found a gate to the Vaults.
 25408 | D:13     | Found a snail-covered altar of Cheibriados.
 26068 | D:14     | HP: 4/92 [centaur warrior (10)]
 26561 | D:14     | Reached XP level 15. HP: 81/81 MP: 16/16
 26742 | D:15     | Entered Level 15 of the Dungeon
 28360 | D:15     | Found a staircase to the Depths.
 29190 | D:9      | Killed Biggs's ghost
 30721 | Spider:1 | Entered Level 1 of the Spider Nest
 30819 | Spider:1 | Reached skill level 15 in Unarmed Combat
 33584 | Spider:3 | Noticed an emperor scorpion
 33603 | Spider:3 | Killed an emperor scorpion
 33673 | Spider:3 | Reached ***** piety under Trog
 33677 | Spider:3 | Reached XP level 16. HP: 73/88 MP: 17/17
 34726 | Spider:3 | Reached skill level 15 in Stealth
 34930 | Spider:3 | Reached skill level 15 in Dodging
 34939 | Spider:3 | HP: 2/148 [culicivora (10)]
 34940 | Spider:3 | Demolished by a wolf spider
 34940 | Spider:3 | Lost a life (1 life remaining)
 35864 | Spider:4 | Entered Level 4 of the Spider Nest
 38547 | Spider:4 | Slain by a broodmother
 38547 | Spider:4 | Lost a life (0 lives remaining)
 38773 | Spider:4 | Slain by an entropy weaver

Illustrated notes

Levels and vault maps discovered:
D:1:      spicycebolla_arrival_clurvy, layout_loops_ring,
          chequers_serial_rivers_micro_d, serial_bayou_pond_a
D:2:      layout_rooms, basic_ecumenical_altar, minmay_3d_cube
D:3:      minmay_evil_eye, layout_basic, lemuel_coloured_pillars_altar,
          uniq_robin
D:4:      layout_layer_cave, minmay_temple_entry_arrows
D:5:      layout_rooms, kennysheep_generic_room_5
D:6:      layout_basic, mainiacjoe_overflow_brackets
D:7:      layout_basic, interstate_on_off, chequers_mini_garden, uniq_jeremiah
D:8:      layout_basic, minmay_gold_behind_fungi, uniq_prince_ribbit1,
          uniq_maurice, uniq_psyche
D:9:      layout_loops_ring, nemelex_diamond_rough_becter,
          gammafunk_ghost_stat_death
D:10:     layout_big_octagon, mainiacjoe_overflow_cross_hatched, erik_orc_4,
          minmay_guarded_unrand_staff_of_olgreb
D:11:     layout_irregular_city, david_lair_shrubbed
D:12:     layout_loops_ring
D:13:     layout_rooms, david_vaults_4, serial_shops, nicolae_stop_n_shop_1,
          minmay_misc_feat_x, cheibriados_altar_1
D:14:     layout_gridville, serial_bayou_pond_c, serial_bayou,
          serial_bayou_shore_a, serial_bayou_pond_d, serial_bayou_ford_a,
          serial_bayou_pond_d
D:15:     grunt_enter_depths_hoard, layout_irregular_city, grunt_decor_clamped
Lair:1:   layout_cave_pods, hellmonk_ghost_happy_afterlife, basic_altar,
          infiniplex_staircase_pool, grunt_megastairs_3, uniq_erica
Lair:2:   layout_layer_cave, minmay_swamp_entry_worms,
          grunt_forest_stairs_basic, st_stairs_3
Lair:3:   layout_regular_city, spider_nest_entry_web_field
Lair:4:   layout_hall_layers, nicolae_slime_entry_slimehenge, basic_altar,
          minmay_hedge_maze, gammafunk_lair_bear_cave
Lair:5:   hellmonk_lair_end_abyssal_woods, layout_concentric_octagons,
          eino_house_with_fridge
Spider:1: layout_spider_delve
Spider:2: layout_cave_pods
Spider:3: nicolae_spider_broodchamber
Spider:4: spider_rune_water
Orc:1:    layout_caves, basic_altar, guppyfry_library_mini
Orc:2:    st_orc_town, layout_diamond_mine

Skill      XL: |  1  2  3  4  5  6  7  8  9 10 11 12 13 14 15 16 |
---------------+-------------------------------------------------+-----
Stealth        | 1 2 3 4 6 7 9 10 11 12 13 14 15 | 15.3
Shapeshifting  | 1 2 3 4 6 7 8 9 10 11 12 13 | 13.2
Unarmed Combat | 4 5 6 8 9 11 12 13 14 15 | 15.9
Dodging        | 5 6 7 8 9 10 11 13 14 15 | 15.3
Fighting       | 4 5 6 7 8 9 10 11 | 11.9
Evocations     | 3 5 6 8 |  8.7

Action                     |  1- 3 |  4- 6 |  7- 9 | 10-12 | 13-15 | 16-18 || total
---------------------------+-------+-------+-------+-------+-------+-------++-------
  Melee: Unarmed           |    93 |   214 |   289 |   511 |  1053 |   196 ||  2356
         Bite              |     9 |    17 |    24 |    17 |       |       ||    67
         Punch             |     1 |     9 |    17 |     5 |       |       ||    32
         Constrict         |       |       |       |   124 |   239 |    42 ||   405
 Invoke: Berserk           |     4 |     6 |    22 |    20 |    25 |     8 ||    85
         Trog's Hand       |       |     2 |    14 |    32 |    22 |     3 ||    73
  Evoke: Wand              |       |       |     2 |    16 |    11 |       ||    29
    Use: Scroll            |       |     6 |    11 |     6 |    10 |     2 ||    35
         Potion            |       |       |       |       |     7 |       ||     7
   Stab: Sleeping          |     2 |     3 |     9 |     6 |    39 |     3 ||    62
         Distracted        |       |     3 |     2 |     7 |     5 |     1 ||    18
         Held in net/web   |       |       |       |       |     2 |       ||     2
 Armour: Skin              |    19 |    32 |    50 |   156 |   435 |   110 ||   802
  Dodge: Dodged            |    69 |   154 |   263 |   500 |  1028 |   265 ||  2279
  Block: Other             |       |       |     2 |    48 |       |       ||    50
         Reflection        |       |       |       |     1 |       |       ||     1
   Form: Blade             |       |     1 |     1 |     3 |     1 |       ||     6
                           |       |     1 |     1 |     1 |       |       ||     3
         Serpent           |       |       |       |     2 |     1 |       ||     3

Table legend: (Time is in decaauts)
 A = Elapsed time spent in this place.
 B = Non-inter-level travel time spent in this place.
 C = Inter-level travel time spent in this place.
 D = Time resting spent in this place.
 E = Time spent auto-exploring this place.
 F = Levels seen in this place.
 G = Mean time per level.
                   A        B        C        D        E       F      G
               +--------+--------+--------+--------+--------+-----+--------+
         Total |  39086 |  37411 |   1675 |  17058 |  13201 |  27 | 1447.6 |
       Dungeon |  19787 |  18926 |    861 |   7864 |   7175 |  15 | 1319.1 |
          Lair |   6924 |   6504 |    420 |   1492 |   3611 |   5 | 1384.8 |
   Spider Nest |   7972 |   7735 |    237 |   5101 |   1676 |   4 | 1993.0 |
  Orcish Mines |   4266 |   4111 |    155 |   2532 |    739 |   2 | 2133.0 |
         Abyss |    135 |    135 |      0 |     68 |      0 |   1 |  135.0 |
               +--------+--------+--------+--------+--------+-----+--------+

Top non-repeatable levels by time:
Spider:3: 4973 daAuts
    D:10: 2915 daAuts
   Orc:2: 2714 daAuts
    D:15: 2025 daAuts
     D:6: 1794 daAuts
  Lair:1: 1600 daAuts
   Orc:1: 1552 daAuts
  Lair:3: 1527 daAuts
  Lair:5: 1504 daAuts
     D:7: 1499 daAuts
     D:3: 1385 daAuts
Spider:2: 1371 daAuts
     D:4: 1368 daAuts
  Lair:2: 1368 daAuts
     D:8: 1204 daAuts
